 Dungeon Crawl Stone Soup version 0.29-a0-322-g68df515428 (webtiles) character file.

Game seed: 15102812665430443611

53 bande the Skirmisher (level 3, -6/24 HPs)
             Began as a Gargoyle Fighter on Apr 9, 2022.
             Mangled by Robin
             ... wielding a +6 mace
              (9 damage)
             ... on level 1 of the Dungeon.
             The game lasted 00:02:25 (2164 turns).

bande the Skirmisher (Gargoyle Fighter)             Turns: 2164, Time: 00:02:26

Health: -6/24      AC: 10    Str: 19    XL:     3   Next: 89%
Magic:  3/3        EV:  9    Int:  8    God:
Gold:   15         SH:  4    Dex: 11    Spells: 2/2 levels left

rFire   . . .      SeeInvis .   a - +0 war axe
rCold   . . .      Faith    .   c - +0 buckler
rNeg    + . .      Spirit   .   b - +0 scale mail
rPois   ∞          Reflect  .   (no helmet)
rElec   +          Harm     .   (no cloak)
rCorr   .          Rampage  .   (no gloves)
Will    .....                   (no boots)
Stlth   ..........              (no amulet)
HPRegen 0.08/turn               g - ring of flight
MPRegen 0.08/turn               (no ring)

@: flying
A: sickness immunity, AC +3, negative energy resistance 1, electricity
resistance, torment resistance 1, petrification resistance
a: no special abilities


You were on level 1 of the Dungeon.
You visited 1 branch of the dungeon, and saw 2 of its levels.

You collected 15 gold pieces.

Inventory:

Hand Weapons
 a - a +0 war axe (weapon)
Armour
 b - a +0 scale mail (worn)
 c - a +0 buckler (worn)
Jewellery
 g - a ring of flight (left hand)
Scrolls
 j - a scroll of teleportation
Potions
 d - a potion of might
 e - a potion of resistance
 h - a potion of curing {unknown}
 i - a potion of lignification {unknown}


   Skills:
 + Level 3.8 Fighting
 + Level 2.4 Axes
 + Level 3.8 Armour
 + Level 3.7 Shields


You had 2 spell levels left.
You didn't know any spells.
Your spell library was empty.

Dungeon Overview and Level Annotations

Branches:
Dungeon (2/15)

Altars:

Annotations:
D:1 Robin


Innate Abilities, Weirdness & Mutations

You are immune to sickness and miasma.
Your stone body is resilient. (AC +3)
You are immune to poison.
You resist negative energy. (rN+)
You are resistant to electric shocks. (rElec)
You are resistant to unholy torment.
You are immune to petrification.


Message History

You closely miss Robin.
Robin is moderately wounded.
You hit the gnoll.
A gnoll comes into view. It is wielding a +0 spear.
Robin throws the goblin at you!
The goblin unwields a +0 hunting sling.
The goblin wields a +0 club.
The goblin hits you with a +0 club.
Unknown command.
You barely miss Robin.
Robin is moderately wounded.
You slash the goblin!
You kill the goblin!
You hit the gnoll. Robin closely misses you. Robin hits you with a +6 mace.
* * * LOW HITPOINT WARNING * * *
The gnoll hits you with a +0 whip.
* * * LOW HITPOINT WARNING * * *
The gnoll hits you but does no damage.
Unknown command.
There is a stone staircase leading up here.
Things that are here:
a +0 club; a +0 hunting sling You block Robin's attack.
You fly upwards.
There is a stone staircase leading down here.
Unknown command.
You hit Robin.
Robin is heavily wounded.
Robin hits you with a +6 mace.
* * * LOW HITPOINT WARNING * * *
You barely miss Robin.
Robin is heavily wounded.
Robin hits you but does no damage.
Unknown command.
It was a potion of flight.
You feel more buoyant. Robin hits you but does no damage.
You hit Robin but do no damage.
Robin is heavily wounded.
Robin says, "We wiped out the hill dwarves - you're next!"
Robin hits you with a +6 mace!
You die...

#.###.##..## #.# #...
#.##..##.## #.# #...
#.##.###.# ##'## ###. #.##.#
#.# ##...## #. #.##.###.#
##.....## ### #.
#........###.......## ##.###.
####...####.........####......
#.......+...g.....'.........
##...####..@......####...###
#..## ##†))....## ##..# #.##
##..)..## ##.# #.#### ##...##
#.# #.##.## ##'## #.# #.....#
####.##### #.#
####.####........# #.#
#.##......###.# #.#
#.##.#.....##.######.#


You could see Robin.

Vanquished Creatures
  4 bats
  An endoplasm (D:1)
  3 giant cockroaches (D:1)
  9 hobgoblins
  A quokka (D:1)
  2 ball pythons
  14 goblins
  8 kobolds (D:1)
  2 rats (D:1)
44 creatures vanquished.

Notes
Turn   | Place    | Note
-------+----------+-------------------------------------------
     0 | D:1      | bande the Gargoyle Fighter began the quest for the Orb.
     0 | D:1      | Reached XP level 1. HP: 14/14 MP: 1/1
   268 | D:1      | Reached XP level 2. HP: 9/19 MP: 2/2
  1289 | D:1      | Reached XP level 3. HP: 24/24 MP: 3/3
  1920 | D:2      | Noticed Robin
  2164 | D:1      | Mangled by Robin

Illustrated notes

Levels and vault maps discovered:
D:1:      wheals_arrival_linesprint, layout_loops_corners
D:2:      layout_loops_ring, ebering_ecumenical_altar_sacrificial,
          kennysheep_boxes, uniq_robin

Skill      XL: |  1  2 |
---------------+-------+-----
Axes           | 2 |  2.4
Fighting       | |  3.8
Armour         | |  3.8
Shields        | |  3.7

Action                   || total
-------------------------++-------
Melee: War axe           ||   103
  Use: Scroll            ||     4
       Potion            ||     1
 Stab: Distracted        ||     1
Armor: Scale mail        ||    82
Dodge: Dodged            ||    54
Block: Buckler           ||    30

Table legend: (Time is in decaauts)
 A = Elapsed time spent in this place.
 B = Non-inter-level travel time spent in this place.
 C = Inter-level travel time spent in this place.
 D = Time resting spent in this place.
 E = Time spent auto-exploring this place.
 F = Levels seen in this place.
 G = Mean time per level.
                   A        B        C        D        E       F      G
               +--------+--------+--------+--------+--------+-----+--------+
         Total |   2214 |   2112 |    102 |    498 |   1294 |   2 | 1107.0 |
       Dungeon |   2214 |   2112 |    102 |    498 |   1294 |   2 | 1107.0 |
               +--------+--------+--------+--------+--------+-----+--------+

Top non-repeatable levels by time:
     D:1: 2094 daAuts
     D:2: 119 daAuts
